Map: Acid Plant LE

Players

Trap - Winner!

  • Race: Protoss Protoss
  • Spawn Location: 11:00

Serral

  • Race: Zerg Zerg
  • Spawn Location: 5:00

Event: IEM Season 12 - Katowice

VOD

Have the link to the VOD?

Description

Time

  • Played on: March 3, 2018, 11:03 a.m.
  • Length: 15:23

All games in this series

Show
View Real Time Build Order
Export as new Build Order

Trap Protoss - Winner!

Build Orders: 1 Gate Expand, Oracle Opening, Phoenix Opening, Archon Immortal, Zealot Archon 

Get SALT Encoding   

  12  0:00  Probe  
  13  0:12  Probe  
  14  0:19  Pylon  
  14  0:25  Probe  
  15  0:37  Probe (Chrono Boost)  
  16  0:45  Gateway  
  16  0:47  Probe (Chrono Boost)  
  17  0:52  Probe (Chrono Boost)  
  17  0:54  Assimilator  
  18  1:04  Probe  
  19  1:16  Probe  
  20  1:27  Nexus  
  20  1:38  Cybernetics Core  
  20  1:40  Probe  
  21  1:49  Assimilator  
  21  1:52  Probe  
  22  1:59  Pylon  
  22  2:04  Probe  
  23  2:15  Adept (Chrono Boost)  
  23  2:16  Probe  
  26  2:23  Stargate  
  26  2:29  Probe, Warp Gate  
  27  2:34  Pylon  
  27  2:39  Adept  
  27  2:42  Probe (Chrono Boost)  
  30  2:45  Probe (Chrono Boost)  
  31  2:54  Probe (Chrono Boost)  
  31  2:55  Probe (Chrono Boost)  
  33  2:58  Probe (Chrono Boost)  
  33  3:00  Probe (Chrono Boost)  
  35  3:06  Phoenix (Chrono Boost)  
  35  3:10  Probe  
  35  3:11  Probe  
  41  3:19  Pylon  
  41  3:22  Probe  
  41  3:24  Probe, Oracle (Chrono Boost)  
  44  3:32  Gateway  
  44  3:34  Probe  
  44  3:36  Probe  
  44  3:41  Assimilator x2  
  46  3:47  Probe  
  46  3:48  Probe  
  48  3:50  Pylon  
  48  3:53  Oracle (Chrono Boost)  
  51  3:59  Probe  
  51  4:00  Probe  
  53  4:07  Robotics Facility  
  53  4:11  Probe  
  53  4:12  Probe  
  55  4:20  Twilight Council  
  55  4:23  Probe  
  56  4:24  Probe, Pylon  
  57  4:34  Zealot  
  57  4:35  Zealot  
  61  4:41  Gateway  
  61  4:42  Gateway  
  61  4:56  Warp Prism (Chrono Boost)  
  61  5:05  Charge (Chrono Boost)  
  61  5:06  Templar Archives  
  61  5:13  Zealot  
  63  5:15  Zealot  
  63  5:20  Gateway  
  65  5:23  Gateway  
  65  5:32  Probe  
  66  5:35  Gateway  
  66  5:39  Gateway  
  65  5:48  High Templar x2  
  69  5:50  Nexus  
  69  5:52  Pylon  
  69  5:53  Archon  
  69  5:55  Pylon  
  69  5:56  Pylon  
  69  6:09  Immortal (Chrono Boost)  
  71  6:18  High Templar x2  
  77  6:24  Pylon  
  76  6:28  High Templar x2  
  80  6:34  Probe x2  
  80  6:35  Archon x2  
  80  6:38  Forge, Immortal (Chrono Boost)  
  86  6:43  Pylon  
  86  6:45  Pylon  
  86  6:46  Zealot  
  88  6:53  Probe x2 (Chrono Boost)  
  90  6:54  Sentry x3  
  96  7:03  Probe (Chrono Boost)  
  96  7:05  Probe (Chrono Boost)  
  99  7:10  Immortal (Chrono Boost)  
  99  7:11  Probe (Chrono Boost)  
  99  7:13  Probe x2 (Chrono Boost), Protoss Ground Weapons Level 1  
  105  7:17  Shield Battery  
  105  7:18  Probe (Chrono Boost)  
  105  7:19  Probe  
  105  7:20  Probe  
  108  7:29  Probe  
  109  7:33  Pylon  
  109  7:34  Probe x2  
  111  7:37  Pylon, Psionic Storm  
  111  7:41  Probe  
  111  7:44  Immortal (Chrono Boost), Assimilator x2  
  112  7:46  Pylon  
  116  7:54  Shield Battery  
  116  7:56  Probe, Shield Battery  
  116  7:57  Probe  
  118  8:06  Photon Cannon  
  118  8:07  High Templar  
  118  8:10  Shield Battery, High Templar  
  122  8:16  Zealot x3  
  122  8:17  Zealot x2  
  132  8:22  Photon Cannon  
  132  8:25  Photon Cannon  
  132  8:29  Phoenix (Chrono Boost)  
  134  8:34  Photon Cannon  
  124  8:42  Stalker  
  124  8:43  Stalker x2  
  124  8:46  Phoenix  
  126  8:59  Photon Cannon  
  126  9:01  Immortal (Chrono Boost)  
  126  9:11  High Templar x3  
  126  9:15  Photon Cannon  
  132  9:17  Pylon  
  132  9:19  Phoenix (Chrono Boost)  
  118  9:40  Stalker x3  
  118  9:42  Protoss Ground Weapons Level 2 (Chrono Boost)  
  122  9:47  High Templar  
  122  9:48  Zealot x4  
  124  9:59  Phoenix (Chrono Boost)  
  112  10:06  Probe x3  
  117  10:11  Pylon  
  117  10:12  Immortal (Chrono Boost)  
  117  10:15  Phoenix (Chrono Boost)  
  117  10:20  Photon Cannon  
  123  10:21  High Templar  
  125  10:33  Stalker x2  
  129  10:40  Phoenix  
  129  10:48  Immortal (Chrono Boost)  
  131  10:51  Probe x3, Photon Cannon  
  134  11:02  High Templar x2  
  134  11:03  Zealot x4  
  146  11:07  Archon  
  130  11:21  High Templar x2  
  134  11:26  Immortal (Chrono Boost)  
  138  11:36  Zealot x4, Nexus  
  138  11:37  Zealot  
  137  11:55  Photon Cannon  
  137  11:56  Pylon, Photon Cannon  
  137  12:01  High Templar x3  
  137  12:02  High Templar  
  137  12:03  Zealot x3  
  145  12:10  Shield Battery  
  145  12:14  Fleet Beacon  
  145  12:17  Protoss Ground Armor Level 1 (Chrono Boost)  
  145  12:23  Probe x3  
  140  12:30  Immortal (Chrono Boost)  
  140  12:36  Dark Shrine  
  144  12:37  Photon Cannon  
  144  12:38  Shield Battery  
  144  12:51  High Templar x2  
  144  12:52  Zealot x4  
  144  12:57  Archon  
  156  13:01  Probe x3  
  156  13:02  Probe  
  160  13:09  Mothership (Chrono Boost)  
  160  13:12  Assimilator  
  160  13:16  Assimilator  
  160  13:17  Probe x3 (Chrono Boost)  
  171  13:22  Immortal (Chrono Boost)  
  175  13:37  Pylon  
  167  13:50  Warp Prism (Chrono Boost), Dark Templar x4  
  167  13:52  Zealot x4  
  185  14:15  Dark Templar  
  185  14:16  Zealot x3  
  193  14:21  Observer  
  190  14:28  Zealot x3  
  192  14:45  Tempest (Chrono Boost)  
  186  14:52  Stalker x7  
  186  15:14  Archon  
  186  15:16  Zealot x4, Stalker x3  
  186  15:17  Zealot  
Show
View Real Time Build Order
Export as new Build Order

Serral Zerg 

Build Orders: Hatch First, Muta Ling Bane 

Get SALT Encoding   

  12  0:02  Drone  
  13  0:13  Overlord  
  13  0:17  Drone  
  14  0:31  Drone x2  
  16  0:48  Hatchery  
  15  0:51  Drone  
  15  0:55  Drone  
  17  1:09  Spawning Pool  
  16  1:11  Extractor  
  16  1:14  Drone  
  16  1:18  Drone  
  16  1:21  Drone  
  18  1:29  Drone  
  19  1:39  Overlord  
  19  1:50  Drone  
  20  1:56  Queen  
  20  2:00  Queen  
  24  2:02  Zergling x2  
  24  2:03  Drone  
  26  2:11  Drone x2  
  28  2:20  Metabolic Boost  
  28  2:21  Drone  
  28  2:22  Drone  
  30  2:37  Drone x2  
  32  2:45  Hatchery  
  32  2:49  Queen  
  33  2:54  Overlord  
  33  3:00  Drone x2  
  33  3:04  Drone  
  36  3:10  Overlord  
  36  3:13  Drone x2  
  36  3:16  Zergling x2  
  36  3:17  Drone x2  
  41  3:24  Queen  
  43  3:29  Overlord x2  
  44  3:34  Drone  
  44  3:35  Drone  
  44  3:36  Drone x2  
  44  3:38  Drone  
  48  3:43  Lair  
  48  3:48  Drone x2  
  50  3:58  Spore Crawler x2  
  50  4:00  Queen  
  50  4:01  Zergling x4  
  52  4:04  Drone x2  
  52  4:07  Drone  
  52  4:09  Drone x2  
  57  4:15  Overlord  
  57  4:16  Drone  
  57  4:17  Drone  
  59  4:22  Extractor x2  
  59  4:23  Roach Warren  
  56  4:24  Drone  
  56  4:28  Overlord  
  56  4:30  Drone  
  58  4:31  Drone  
  58  4:34  Drone x2  
  61  4:39  Overlord  
  61  4:41  Zergling x4  
  61  4:43  Drone x2  
  61  4:44  Drone  
  66  4:46  Drone  
  66  4:50  Overlord  
  62  5:01  Drone x6  
  62  5:06  Roach x2  
  69  5:12  Roach x2  
  73  5:16  Roach x2  
  73  5:20  Glial Reconstitution  
  77  5:22  Spore Crawler  
  77  5:25  Roach x2  
  79  5:29  Evolution Chamber  
  79  5:30  Extractor  
  79  5:32  Overlord  
  77  5:36  Roach x2  
  77  5:37  Drone x3  
  77  5:40  Drone x2  
  77  5:42  Drone  
  86  5:44  Overlord  
  86  5:46  Drone  
  84  5:50  Overlord  
  84  5:52  Drone x3  
  84  5:55  Zerg Missile Weapons Level 1  
  84  5:56  Drone  
  88  6:00  Zergling x4  
  90  6:09  Spire  
  89  6:13  Roach x4  
  97  6:22  Drone  
  98  6:26  Drone x9, Extractor  
  98  6:27  Extractor  
  98  6:29  Drone x2  
  107  6:33  Roach  
  107  6:36  Roach  
  111  6:43  Overlord  
  111  6:45  Roach  
  113  6:47  Overlord  
  113  6:53  Roach x5  
  121  6:54  Overlord x2  
  121  6:58  Overlord x2  
  121  7:03  Roach x3  
  121  7:05  Roach  
  129  7:12  Roach x3  
  129  7:14  Baneling Nest  
  134  7:22  Drone  
  134  7:25  Overlord  
  134  7:28  Drone x2  
  132  7:37  Drone, Zergling x2  
  132  7:38  Zergling x10  
  139  7:45  Mutalisk x4  
  139  7:47  Hatchery  
  139  7:48  Mutalisk  
  139  7:50  Mutalisk  
  139  7:51  Mutalisk x2  
  150  7:55  Ravager x3  
  150  7:57  Baneling  
  150  7:58  Centrifical Hooks  
  157  8:00  Overlord  
  157  8:02  Zergling x6  
  160  8:09  Baneling x9  
  160  8:18  Overlord  
  159  8:23  Zerg Melee Weapons Level 1  
  159  8:24  Drone x5  
  159  8:25  Zergling x4  
  159  8:26  Zergling x2  
  167  8:32  Baneling x8  
  167  8:40  Zergling x10  
  172  8:49  Drone x3  
  175  8:57  Zergling x12  
  175  8:58  Zergling x2  
  175  9:02  Queen  
  178  9:04  Zergling x4  
  178  9:12  Overlord  
  178  9:15  Ravager x3  
  178  9:16  Zergling x4  
  178  9:17  Zergling x8  
  185  9:22  Baneling x26  
  187  9:30  Zergling x12  
  174  9:41  Zergling x20  
  174  9:50  Zergling x2  
  174  9:51  Zergling x16  
  156  10:01  Zergling x8  
  157  10:14  Baneling x13  
  157  10:15  Baneling x6, Zergling x6  
  157  10:16  Zergling x10  
  157  10:17  Hatchery  
  157  10:19  Ravager x2  
  166  10:30  Drone x2  
  166  10:31  Drone  
  166  10:32  Infestation Pit, Zergling x16  
  174  10:44  Zergling x12  
  174  10:45  Zerg Melee Weapons Level 2  
  174  10:48  Baneling x20  
  170  10:51  Zergling x4  
  170  10:52  Zergling x18  
  176  11:08  Zergling x16  
  175  11:15  Zergling x10  
  175  11:16  Zergling x10  
  146  11:23  Hive  
  146  11:25  Roach x4  
  146  11:27  Hydralisk Den  
  146  11:32  Roach x4  
  149  11:37  Zergling x10  
  152  11:48  Zergling x20  
  158  11:58  Grooved Spines  
  158  12:00  Hydralisk  
  158  12:01  Hydralisk x8  
  168  12:15  Baneling  
  168  12:16  Baneling x9  
  168  12:19  Drone x3  
  168  12:20  Drone x4, Extractor  
  168  12:21  Spore Crawler  
  168  12:32  Hydralisk x4  
  168  12:33  Zergling x20  
  168  12:37  Greater Spire  
  186  12:45  Baneling x4  
  186  12:46  Baneling x2  
  186  13:09  Corruptor x6  
  198  13:15  Extractor  
  198  13:16  Spine Crawler  
  196  13:20  Baneling x4  
  196  13:21  Baneling  
  196  13:22  Muscular Augments  
  196  13:25  Extractor  
  195  13:31  Hatchery  
  181  13:51  Brood Lord x4  
  189  13:57  Spore Crawler x2, Brood Lord  
  189  13:58  Spore Crawler x2  
  189  13:59  Drone x3, Spore Crawler  
  189  14:00  Spore Crawler  
  188  14:03  Extractor, Brood Lord  
  188  14:06  Overseer  
  188  14:07  Overseer x2  
  189  14:13  Hydralisk x3  
  189  14:14  Zergling x8  
  194  14:39  Zergling x10  
  189  15:02  Zergling x20  

Tags
 
Add a new tag
Caveats
  • Supply blocks, unpowered buildings, or Contaminate may cause inaccurate times.
  • Supply counts are checked every 10 seconds.